[Event "USA-ch Women 2024"]
[Site "Saint Louis"]
[Date "2024.10.24"]
[Round "11.1"]
[White "Yip, Carissa"]
[Black "Lee, Alice"]
[Result "1/2-1/2"]
[ECO "C42"]
[WhiteElo "2418"]
[BlackElo "2395"]
[Annotator "TA"]
[PlyCount "84"]
[EventDate "2024.10.09"]
[EventType "tourn"]
[EventCountry "USA"]
[SourceTitle "playchess.com"]
[Source "ChessBase"]
[SourceQuality "1"]
[TimeControl "40/5400+30:1800+30"]

1. e4 e5 2. Nf3 Nf6 3. Nxe5 d6 4. Nf3 Nxe4 5. Qe2 Qe7 6. d3 Nf6 7. Bg5 Qxe2+ 8. Bxe2 Be7 9. Nc3 h6 10. Be3 Nc6 11. h3 Be6 12. O-O-O O-O-O 13. d4 {[%emt 0:00:23] [#] d5 is the strong threat.} Nb4 14. a3 Nbd5 15. Nxd5 Nxd5 16. Bd2 Nb6 17. b3 Bf5 18. a4 Nd7 19. Bc4 Bg6 20. Rhe1 Rhe8 21. Bf4 Bf6 22. a5 a6 23. c3 Nf8 24. Rxe8 Rxe8 25. Re1 Rxe1+ 26. Nxe1 Ne6 27. Bd2 Kd7 28. b4 Ng5 29. f3 Bd8 30. Nd3 Bxd3 {[%emt 0:06:38] The position is equal.} 31. Bxd3 $11 {[%emt 0:00:06][%mdl 4096] [#] Endgame. Threatens to win with f4. KBB-KBN} d5 32. Bf5+ (32. h4 $5 Ne6 $8 33. g3 $11) 32... Ne6 33. Kc2 h5 34. g4 g6 35. Bd3 hxg4 36. fxg4 Bh4 37. Kd1 Ng5 38. Bxg5 Bxg5 39. Bc2 Bh4 40. Bd3 $1 Bg5 41. Bc2 Bh4 42. Bd3 Bg5 {[%emt 0:00:18] Weighted Error Value: White=0.04 (flawless) /Black=0.03 (flawless) .  Inaccurate:     	---       	Black=1      OK:         	White=13    	Black=14     Best:        	---       	Black=1      Strong:       	White=1     	---} 1/2-1/2

[Event "USA-ch Women 2024"]
[Site "Saint Louis"]
[Date "2024.10.24"]
[Round "11.2"]
[White "Atwell, Rose"]
[Black "Lee, Megan"]
[Result "0-1"]
[ECO "A12"]
[WhiteElo "2185"]
[BlackElo "2253"]
[Annotator "RC"]
[PlyCount "112"]
[EventDate "2024.10.09"]
[EventType "tourn"]
[EventCountry "USA"]
[SourceTitle "playchess.com"]
[Source "ChessBase"]
[SourceQuality "1"]
[TimeControl "40/5400+30:1800+30"]

1. Nf3 Nf6 2. b3 d5 3. Bb2 Bf5 4. g3 h6 5. Bg2 e6 6. c4 c6 7. O-O Be7 8. d3 O-O 9. Nbd2 a5 10. a3 Bh7 11. Re1 Nbd7 12. cxd5 exd5 13. Rc1 Qb6 14. h3 Bc5 15. d4 Bd6 16. Ne5 Rfe8 17. Nxd7 Nxd7 18. e4 dxe4 19. Nc4 Qc7 20. d5 Bf8 21. d6 Qb8 22. Qd4 b5 23. Nd2 c5 24. Qc3 b4 25. axb4 axb4 26. Qe3 Bxd6 27. Nxe4 Ra2 28. Qd2 Bxe4 29. Bxe4 Rd8 30. Bb1 Ra7 31. Qc2 Nf8 32. Re4 Bxg3 33. Bxg7 Bh2+ 34. Kh1 Kxg7 35. Qb2+ f6 36. f4 Bxf4 37. Rg1+ Bg5 38. h4 Ng6 39. hxg5 hxg5 40. Rxg5 Rd1+ 41. Kg2 Rxb1 42. Rxg6+ Kxg6 43. Qxb1 Rg7 44. Kf1 Kf7 45. Qd3 Rg5 46. Rh4 Qe8 47. Rh7+ Ke6 48. Rc7 Rf5+ 49. Ke1 Rd5 50. Qa6+ Kf5+ 51. Kf2 Rd2+ 52. Kf1 Rd1+ 53. Kf2 Qe1+ 54. Kf3 Qe4+ 55. Kg3 Qf4+ 56. Kg2 Rd2+ 0-1

[Event "USA-ch Women 2024"]
[Site "Saint Louis"]
[Date "2024.10.24"]
[Round "11.3"]
[White "Tokhirjonova, Gulrukhbegim"]
[Black "Abrahamyan, Tatev"]
[Result "1-0"]
[ECO "C18"]
[WhiteElo "2374"]
[BlackElo "2327"]
[Annotator "TA"]
[PlyCount "89"]
[EventDate "2024.10.09"]
[EventType "tourn"]
[EventCountry "USA"]
[SourceTitle "playchess.com"]
[Source "ChessBase"]
[SourceQuality "1"]
[TimeControl "40/5400+30:1800+30"]

1. e4 e6 2. d4 d5 3. Nc3 Bb4 4. e5 c5 5. a3 Ba5 6. b4 cxd4 7. Qg4 Kf8 8. Nb5 {[%emt 0:02:44][%mdl 1024] White has compensation.} Bb6 9. Nf3 (9. Nxd4 Qc7 10. Bb2 Qxe5+ 11. Qe2 Qxe2+ 12. Bxe2 Nc6 $17) 9... Nc6 {[%emt 0:01:04] The position is equal.} 10. Qf4 (10. Nbxd4 Nxd4 11. Nxd4 Qc7 $17) 10... f6 11. Bb2 {[%emt 0:08:19][%cal Rb5d4] [#]} g5 $1 12. Nxg5 (12. Qg3 fxe5) 12... Nxe5 {[%emt 0:00:34] ...Nc6 is the strong threat.} 13. Nxd4 (13. Bxd4 $2 Ng6 14. Qf3 (14. Bxb6 $2 Qxb6 15. Qf3 a6 $19) 14... a6 15. Bxb6 Qxb6 $17) 13... Qe7 {[%emt 0:01:06] Black wants to play ...Ng6.} 14. Ngf3 Ng6 15. Qd2 e5 16. Nb3 Be6 ({Black should try} 16... Qf7 $15) 17. g3 h5 18. a4 h4 19. Rg1 hxg3 20. hxg3 Nh6 (20... Bf7 $11) 21. a5 $14 Bc7 22. Nc5 Bf7 23. Nxb7 {[%emt 0:02:52] White has more active pieces.} Rb8 24. a6 Bb6 (24... Nf5 $14) 25. b5 $36 {[%emt 0:00:38][%mdl 2048] Hoping for Ba3. White is on the roll.} Kg7 {[%emt 0:00:24] [#]} 26. Nh4 (26. g4 $1 $18) 26... Qd7 (26... Rbc8 $14) 27. c4 $16 {[%emt 0:05:11][%cal Bc2c4,Bc4c5,Bc5c6][%mdl 32] Strongly threatening c5.} Rbc8 {[%emt 0:04:07] [#] Loses the game.} (27... Rxb7 $16 28. axb7 Qxb7 29. cxd5 Rd8) 28. Rc1 $1 $18 d4 (28... Nxh4 $2 29. gxh4+ Kh7 30. c5 $18) 29. c5 Bc7 30. c6 Qe8 (30... Qg4 {was necessary.} 31. Be2 Qh3) 31. Bh3 Be6 32. Bxe6 Qxe6 33. Qd3 Ne7 34. Ba3 e4 $2 (34... Nhf5 {is a better defense.} 35. Nc5 Qa2) 35. Qxd4 Rcd8 {[%emt 0:01:13] Dodges Qd7} (35... Nd5 $142 36. g4 (36. Qxa7 e3 $18) 36... Nf7 37. Nf5+ Kh7 38. Rh1+ (38. Qxa7 Ne5 $18) 38... Kg8) 36. Nxd8 Rxd8 37. Qxa7 Ba5+ 38. Kf1 Qh3+ 39. Ng2 Nhf5 40. Bxe7 Nxg3+ 41. fxg3 Qf5+ 42. Nf4 Qxb5+ 43. Ne2 Rd5 44. Bd6+ Kg6 {[%emt 0:00:29] [#]} 45. Rh1 $1 {[%emt 0:00:00] Weighted Error Value: White=0.18 (very precise) /Black=0.75.  Mistake:       	White=1     	Black=8      Inaccurate:     	White=5     	Black=3      OK:         	White=12    	Black=8      Best:        	White=3     	Black=2      Strong:       	White=1     	---        Brilliant:      	---       	Black=1} 1-0

[Event "USA-ch Women 2024"]
[Site "Saint Louis"]
[Date "2024.10.24"]
[Round "11.4"]
[White "Yu, Jennifer"]
[Black "Pourkashiyan, Atousa"]
[Result "1/2-1/2"]
[ECO "A07"]
[WhiteElo "2267"]
[BlackElo "2269"]
[Annotator "RC"]
[PlyCount "134"]
[EventDate "2024.10.09"]
[EventType "tourn"]
[EventCountry "USA"]
[SourceTitle "playchess.com"]
[Source "ChessBase"]
[SourceQuality "1"]
[TimeControl "40/5400+30:1800+30"]

1. Nf3 d5 2. g3 b6 3. Bg2 Bb7 4. d4 e6 5. O-O Nd7 6. a4 a6 7. b3 Ngf6 8. Bb2 Be7 9. Nbd2 O-O 10. c4 c5 11. e3 Rc8 12. Qe2 cxd4 13. Nxd4 Rc7 14. cxd5 Nxd5 15. e4 Nb4 16. Nc4 Bc5 17. Rfd1 Qe7 18. Rd2 Nc6 19. Rad1 Bb4 20. Nxc6 Bxc6 21. Rc2 Bb7 22. Ne3 Rfc8 23. Rxc7 Rxc7 24. Qd3 f6 25. e5 Nxe5 26. Bxe5 fxe5 27. Bxb7 Rxb7 28. Qxa6 Bc5 29. Qa8+ Kf7 30. Nc4 Kf6 31. Rd8 Qf7 32. Kg2 e4 33. Rd2 Qc7 34. Re2 b5 35. axb5 Rxb5 36. Qxe4 Qb7 37. Nd2 Kf7 38. Qxb7+ Rxb7 39. Ne4 Be7 40. Re3 h6 41. h4 g5 42. hxg5 hxg5 43. Kf3 Kg6 44. Kg4 Rb4 45. f3 Bf6 46. Rd3 Be7 47. Rc3 Rb6 48. Re3 Rb4 49. Rd3 Rb7 50. Rc3 Rb6 51. Rc7 Bf6 52. Nxf6 Kxf6 53. Rc3 Rb4+ 54. Kh3 g4+ 55. fxg4 Kg5 56. Re3 Rb6 57. Kg2 Kxg4 58. Kf2 e5 59. Ke2 Kf5 60. Rc3 Ke4 61. Re3+ Kd4 62. Rd3+ Ke4 63. Kd2 Ra6 64. Re3+ Kd4 65. Rd3+ Ke4 66. Re3+ Kd4 67. Rd3+ Ke4 1/2-1/2

[Event "USA-ch Women 2024"]
[Site "Saint Louis"]
[Date "2024.10.24"]
[Round "11.5"]
[White "Cervantes Landeiro, Thalia"]
[Black "Zatonskih, Anna"]
[Result "1/2-1/2"]
[ECO "D02"]
[WhiteElo "2302"]
[BlackElo "2312"]
[Annotator "RC"]
[PlyCount "114"]
[EventDate "2024.10.09"]
[EventType "tourn"]
[EventCountry "USA"]
[SourceTitle "playchess.com"]
[Source "ChessBase"]
[SourceQuality "1"]
[TimeControl "40/5400+30:1800+30"]

1. d4 d5 2. Nf3 e6 3. Bf4 Bd6 4. e3 Bxf4 5. exf4 Qd6 6. Qd2 Nf6 7. Nc3 b6 8. Ne5 c6 9. g4 Ba6 10. Bxa6 Nxa6 11. Qe2 Nc7 12. g5 Nd7 13. O-O-O O-O-O 14. h4 Rdf8 15. h5 f6 16. gxf6 Rxf6 17. Qg4 Ne8 18. Ne2 Rhf8 19. Rh3 Kb7 20. Rc3 Nb8 21. Rg1 Rf5 22. Qh4 Qc7 23. Rcg3 Ka8 24. a4 Rg8 25. a5 bxa5 26. Rc3 Nd6 27. f3 Nb5 28. Rc5 a6 29. Rg5 Rff8 30. Qg4 Re8 31. f5 h6 32. f6 hxg5 33. f7 Rgf8 34. fxe8=Q Rxe8 35. Qxg5 Rf8 36. f4 a4 37. c4 Nd6 38. h6 gxh6 39. Qxh6 Rc8 40. cxd5 Ne4 41. d6 Nxd6 42. Qxe6 Ne4 43. Rc2 Qa5 44. Nd3 a3 45. bxa3 Qxa3+ 46. Kb1 Qxd3 47. Qxc8 Nd2+ 48. Kc1 Nb3+ 49. Kb2 Nxd4 50. Nxd4 Qxd4+ 51. Rc3 Qb4+ 52. Kc2 Qe4+ 53. Kb3 Qb1+ 54. Kc4 Qe4+ 55. Kb3 Qb1+ 56. Ka3 Qa1+ 57. Kb3 Qb1+ 1/2-1/2

[Event "USA-ch Women 2024"]
[Site "Saint Louis"]
[Date "2024.10.24"]
[Round "11.6"]
[White "Krush, Irina"]
[Black "Paikidze, Nazi"]
[Result "1/2-1/2"]
[ECO "E27"]
[WhiteElo "2388"]
[BlackElo "2314"]
[Annotator "RC"]
[PlyCount "179"]
[EventDate "2024.10.09"]
[EventType "tourn"]
[EventCountry "USA"]
[SourceTitle "playchess.com"]
[Source "ChessBase"]
[SourceQuality "1"]
[TimeControl "40/5400+30:1800+30"]

1. d4 Nf6 2. c4 e6 3. Nc3 Bb4 4. a3 Bxc3+ 5. bxc3 d6 6. f3 O-O 7. e4 Nh5 8. Nh3 f5 9. Nf2 f4 10. c5 dxc5 11. a4 cxd4 12. cxd4 Nc6 13. Bb2 Qg5 14. Rc1 Rd8 15. Rc5 Qxc5 16. dxc5 Rxd1+ 17. Kxd1 a6 18. Bc4 Na5 19. Ba2 Bd7 20. Kc1 Kf7 21. Bc3 b6 22. cxb6 cxb6 23. Rd1 Bxa4 24. Rd6 Bb3 25. Bxb3 Nxb3+ 26. Kc2 Nc5 27. Rxb6 Rc8 28. Rb4 Nd7 29. Nd3 e5 30. Rb7 Ke8 31. Kd2 Nc5 32. Nxc5 Rxc5 33. Bb4 Rb5 34. Rxb5 axb5 35. Bd6 Kd7 36. Bxe5 Ke6 37. Bd4 Nf6 38. Kc3 Ne8 39. Kb4 g5 40. Kxb5 Nd6+ 41. Kc5 h5 42. Bc3 h4 43. h3 Nf7 44. Ba5 Ne5 45. Bd8 Nf7 46. Bc7 Kd7 47. Bb8 Ke6 48. Kc6 Nd8+ 49. Kc7 Nf7 50. Kc8 Ke7 51. Bc7 Ke8 52. Kb7 Ke7 53. Kc6 Ke6 54. Kc5 Kd7 55. Bb8 Ke6 56. Kd4 Nh6 57. Bc7 Nf7 58. e5 Kd7 59. Bb8 Ke6 60. Ke4 Nd8 61. Bd6 Nc6 62. Bc7 Kd7 63. Bd6 Ke6 64. Bc7 Kd7 65. Bb6 Ke6 66. Bd4 Ne7 67. Bc5 Nf5 68. Bf2 Ne7 69. Bc5 Nf5 70. Bb6 Ng3+ 71. Kd4 Nf5+ 72. Kd3 Kxe5 73. Bd8 Ne3 74. Bxg5 Nxg2 75. Ke2 Kf5 76. Bd8 Ne3 77. Bxh4 Nc4 78. Bf2 Ne5 79. Bd4 Ng6 80. Bb6 Ke5 81. Bd8 Kf5 82. Kf2 Ne5 83. Kg2 Nd3 84. h4 Kg6 85. Be7 Kh5 86. Bg5 Ne5 87. Kf2 Ng6 88. Ke2 Nxh4 89. Bxf4 Nxf3 90. Kxf3 1/2-1/2